 Dungeon Crawl Stone Soup version 0.31-a0-819-gf6de2f5ab6 (webtiles) character file.

Game seed: 5648316186308352545

1087 Kurtz the Chopper (level 8, -2/54 HPs)
             Began as an Octopode Fighter on Sept 25, 2023.
             Was a Believer of Okawaru.
             Slain by an ice beast (4 damage)
             ... on level 6 of the Dungeon.
             The game lasted 00:04:41 (5102 turns).

Kurtz the Chopper (Octopode Fighter)                Turns: 5102, Time: 00:04:41

Health: -2/54      AC:  1    Str: 21    XL:     8   Next: 30%
Magic:  9/9        EV: 29    Int: 10    God:    Okawaru [**....]
Gold:   303        SH:  5    Dex: 14    Spells: 7/7 levels left

rFire   . . .        a - +0 war axe
rCold   . . .        b - +0 buckler
rNeg    . . .        (helmet restricted)
rPois   .            i - amulet of the acrobat
rElec   .            s - +6 ring of strength
rCorr   .            (no ring)
SInv    .            (no ring)
Will    .....        (no ring)
Stlth   ++           (no ring)
HPRegen 0.29/turn    (no ring)
MPRegen 0.11/turn    (no ring)
                     (no ring)

%: acrobat
@: mighty, acrobatic
A: almost no armour, amphibious, 8 rings, camouflage 1, gelatinous body 1,
(nimble swimmer 1), tentacles
a: Renounce Religion, Heroism


You were on level 6 of the Dungeon.
You worshipped Okawaru.
Okawaru was pleased with you.
You visited 1 branch of the dungeon, and saw 6 of its levels.

You collected 303 gold pieces.

Inventory:

Hand Weapons
 a - a +0 war axe (weapon)
Missiles
 j - 5 poisoned darts (quivered)
Armour
 b - a +0 buckler (worn)
Jewellery
 i - an amulet of the acrobat (around mantle)
 s - a +6 ring of strength (left tentacle)
Wands
 t - a wand of quicksilver (10)
 y - a wand of roots (13)
Scrolls
 f - a scroll of amnesia {unknown}
 g - a scroll of fog {unknown}
 h - 3 scrolls of identify {unknown}
 k - 2 scrolls of vulnerability {unknown}
 m - a scroll of butterflies {unknown}
 p - a scroll of fear {unknown}
 q - a scroll of teleportation {unknown}
 u - a scroll of immolation {unknown}
 v - a scroll of brand weapon {unknown}
 w - 2 scrolls of blinking {unknown}
 z - a scroll of enchant weapon {unknown}
Potions
 c - 2 potions of might
 d - 2 potions of curing {unknown}
 e - a potion of invisibility {unknown}
 l - a potion of brilliance {unknown}
 n - a potion of cancellation {unknown}
 o - 2 potions of enlightenment {unknown}
 r - a potion of berserk rage {unknown}
 x - a potion of resistance {unknown}


   Skills:
 * Level 4.2 Fighting
 * Level 7.8 Axes
 * Level 4.2 Dodging
 * Level 3.9 Shields
 * Level 2.5 Invocations


You had 7 spell levels left.
You didn't know any spells.
Your spell library contained the following spells:

 Spells                   Type           Power      Damage    Failure   Level
 Apportation              Tloc           0%         N/A       43%         1
 Magic Dart               Conj           0%         1d3       43%         1
 Necrotise                Necr           0%         1d4       43%         1
 Shock                    Conj/Air       0%         1d3       43%         1
 Searing Ray              Conj           0%         2d4       56%         2
 Swiftness                Air            0%         N/A       80%         3
 Airstrike                Air            0%         2d(0-16)  99%         4
 Fulminant Prism          Conj/Hex       0%         3d5       99%         4
 Summon Small Mammal      Summ           Unusable   N/A       N/A         1

Dungeon Overview and Level Annotations

Branches:
Dungeon (6/15)             Temple (0/1) D:6

Altars:
Ashenzari
Okawaru
Qazlal
Yredelemnul

Annotations:
D:4 exclusion: jelly


Innate Abilities, Weirdness & Mutations

You cannot wear most types of armour.
You are amphibious.
You can wear up to eight rings at the same time.
Your skin changes colour to match your surroundings (Stealth+).
Your rubbery body absorbs attacks. (AC +1, EV +1)
((You are camouflaged when in or above water. (Stealth+)))
You have tentacles for arms and can constrict up to eight enemies at once.


Message History

You constrict the hound. The ice beast misses you.
A jelly comes into view.
The hound closely misses you.
Unknown command.
You barely miss the ice beast.
The jelly quivers.
You hit the hound but do no damage. You constrict the hound.
The hound misses you. The ice beast hits you. The ice beast freezes you!
The hound escapes!
Unknown command.
You feel very mighty all of a sudden. The ice beast hits you.
The ice beast freezes you. The hound misses you. You block the hound's attack.
Unknown command.
You hit the ice beast.
The ice beast is lightly wounded.
You slash the hound! You miss the hound. The hound bites you.
* * * LOW HITPOINT WARNING * * *
The ice beast barely misses you. The hound barely misses you.
The hound bites you.
* * * LOW HITPOINT WARNING * * *
The jelly jiggles.
The ice beast hits you but does no damage.
Unknown command.
You hit the orc. You grab the orc. You squeeze the orc.
You kill the orc!
Okawaru accepts your kill.
You slash the ice beast! You slash the hound!
You kill the hound!
Okawaru accepts your kill.
You hit the hound. The hound closely misses you. The hound bites you.
* * * LOW HITPOINT WARNING * * *
The ice beast hits you.
* * * LOW HITPOINT WARNING * * *
The ice beast freezes you!
* * * LOW HITPOINT WARNING * * *
The hound attacks as it pursues you! The hound misses you.
The ice beast attacks as it pursues you!
The ice beast hits you.
You die...

#....# #.# ####.#
#.# #)### #.##
####...## #..#
####....#)[# # ##..
..........##.#.##.#
###.
..#...#.....<.....#
#...
..#.⌠.#..........##
#...
###...###Y@....#.#
#...
.........h###### .#
#... .⌠..>..⌠†.# #
#... ......J....
#... #...###..<
#... #.⌠.#....##
#... #...#....#
#... .....(..##
.>.... .........
...###


You could see an ice beast, a hound and a jelly.

Vanquished Creatures
  Sigmund (D:5)
  A water moccasin (D:5)
  An ogre (D:5)
  A centaur (D:5)
  A phantom (D:5)
  2 scorpions (D:5)
  An orc priest (D:5)
  4 hounds
  2 sleepcaps
  2 iguanas
  2 orc wizards
  4 adders
  A white imp (D:6)
  5 ufetubi
  4 worms
  5 dart slugs
  15 orcs
  7 endoplasms
  4 giant cockroaches
  3 hobgoblins
  4 quokkas
  5 ball pythons (D:1)
  5 bats
  A frilled lizard (D:1)
  4 goblins
  9 kobolds
  5 rats
99 creatures vanquished.

Notes
Turn   | Place    | Note
-------+----------+-------------------------------------------
     0 | D:1      | Kurtz the Octopode Fighter began the quest for the Orb.
     0 | D:1      | Reached XP level 1. HP: 16/16 MP: 1/1
   180 | D:1      | Reached XP level 2. HP: 18/21 MP: 2/2
   361 | D:1      | Reached skill level 3 in Axes
   959 | D:2      | Reached XP level 3. HP: 25/26 MP: 3/3
  1221 | D:2      | Reached skill level 4 in Axes
  1398 | D:3      | Found a broken altar of Ashenzari.
  1407 | D:3      | Reached XP level 4. HP: 30/31 MP: 4/4
  1512 | D:3      | Found a faded altar of an unknown god.
  1922 | D:3      | Found a basalt altar of Yredelemnul.
  2018 | D:3      | Found a stormy altar of Qazlal.
  2213 | D:3      | Found an iron altar of Okawaru.
  2240 | D:3      | Became a worshipper of Warmaster Okawaru
  2259 | D:3      | Reached skill level 5 in Axes
  2261 | D:3      | Reached XP level 5. HP: 31/36 MP: 5/5
  2855 | D:4      | Identified the +7 short sword "Rutim" {spect, Dex+5}
  3438 | D:5      | Entered Level 5 of the Dungeon
  3487 | D:5      | Reached XP level 6. HP: 42/42 MP: 6/6
  3607 | D:5      | Reached skill level 1 in Invocations
  3608 | D:5      | Noticed a water moccasin
  3692 | D:5      | Killed a water moccasin
  3692 | D:5      | Reached * piety under Okawaru
  3693 | D:5      | Reached skill level 6 in Axes
  3853 | D:5      | Reached XP level 7. HP: 31/46 MP: 6/8
  4014 | D:5      | Reached skill level 7 in Axes
  4145 | D:5      | Noticed Sigmund
  4592 | D:5      | Killed Sigmund
  4592 | D:5      | Reached ** piety under Okawaru
  4593 | D:5      | Reached XP level 8. HP: 54/54 MP: 9/9
  4957 | D:6      | Found a staircase to the Ecumenical Temple.
  5101 | D:6      | HP: 1/54 [ice beast (7)]
  5102 | D:6      | Slain by an ice beast

Illustrated notes

Levels and vault maps discovered:
D:1:      lightli_arrival_farm, layout_basic
D:2:      layout_rooms
D:3:      layout_loops_corners, okawaru_metal_pillars_3,
          overflow_temple_1_default, mainiacjoe_overflow_small_starburst,
          cheibrodos_ashenzari_chains, shapermc_ecumenical_altar_hornbeckon,
          nrook_loot_triangle, nicolae_the_louvre
D:4:      layout_loops_cross
D:5:      layout_basic, kennysheep_flooded_box, uniq_sigmund
D:6:      cheibrodos_helix_gallery, layout_rooms,
          minmay_temple_entry_junction_2, uniq_blork_the_orc, uniq_grinder,
          uniq_menkaure

Skill      XL: |  1  2  3  4  5  6  7 |
---------------+----------------------+-----
Axes           | 3 4 5 6 7 |  7.8
Invocations    | 1 2 |  2.5
Fighting       | 4 |  4.2
Dodging        | 4 |  4.2
Shields        | |  3.9

Action                     |  1- 3 |  4- 6 |  7- 9 || total
---------------------------+-------+-------+-------++-------
  Melee: War axe           |    61 |    82 |    50 ||   193
         Constrict         |    18 |    23 |    14 ||    55
         Tentacles         |     7 |    22 |    16 ||    45
  Throw: Dart              |       |       |     7 ||     7
  Evoke: Wand              |       |     1 |       ||     1
    Use: Potion            |       |       |     1 ||     1
   Stab: Sleeping          |     6 |     4 |     2 ||    12
         Distracted        |       |     1 |       ||     1
 Armour: Skin              |    24 |    36 |    34 ||    94
  Dodge: Dodged            |    24 |    56 |    37 ||   117
  Block: Buckler           |    14 |    10 |    12 ||    36

Table legend: (Time is in decaauts)
 A = Elapsed time spent in this place.
 B = Non-inter-level travel time spent in this place.
 C = Inter-level travel time spent in this place.
 D = Time resting spent in this place.
 E = Time spent auto-exploring this place.
 F = Levels seen in this place.
 G = Mean time per level.
                   A        B        C        D        E       F      G
               +--------+--------+--------+--------+--------+-----+--------+
         Total |   5157 |   4703 |    454 |    765 |   3154 |   6 |  859.5 |
       Dungeon |   5157 |   4703 |    454 |    765 |   3154 |   6 |  859.5 |
               +--------+--------+--------+--------+--------+-----+--------+

Top non-repeatable levels by time:
     D:5: 1526 daAuts
     D:3: 1327 daAuts
     D:1: 910 daAuts
     D:4: 772 daAuts
     D:2: 490 daAuts
     D:6: 129 daAuts
